 Dungeon Crawl Stone Soup version 0.17-a0-1842-gacc33f2 (webtiles) character file.

25 Medved the Sneak (level 2, 0/22 HPs)
             Began as a Vampire Assassin on Sept 17, 2015.
             Slain by a rat (1 damage)
             ... on level 2 of the Dungeon.
             The game lasted 00:02:48 (1131 turns).

Medved the Sneak (Vampire Assassin)                 Turns: 1131, Time: 00:02:49

Health: 0/22       AC:  4    Str: 10    XL:     2   Next: 82%
Magic:  2/2        EV: 12    Int: 13    God:
Gold:   70         SH:  0    Dex: 15    Spells: 0 memorised, 1 level left

rFire  . . .     SeeInvis +     a - +2 dagger
rCold  . . .     Clarity  .     c - +0 robe
rNeg   + . .     SustAt   .     (no shield)
rPois  .         Gourm    .     (no helmet)
rElec  .         Spirit   .     d - +0 cloak
rCorr  .         Warding  .     (no gloves)
rMut   .         Stasis   .     k - +0 pair of boots
MR     .....                    (no amulet)
Stlth  ++++......               (no ring)
                                (no ring)

@: lethally poisoned (0 -> -9), very slightly contaminated, invisible, not
resistant to hostile enchantments, stealthy
A: fangs 3, see invisible, unbreathing
a: no special abilities


You were on level 2 of the Dungeon.
You were not thirsty.

You visited 1 branch of the dungeon, and saw 2 of its levels.

You collected 70 gold pieces.

Inventory:

Hand weapons
 a - a +2 dagger (weapon)
 b - a +0 blowgun
 u - a +0 dagger of venom
Missiles
 e - 8 poisoned needles
 f - 2 curare-tipped needles
Armour
 c - a +0 robe (worn)
 d - a +0 cloak (worn)
 k - a +0 pair of boots (worn)
Jewellery
 i - a cursed amulet of the gourmand {unknown}
 o - an uncursed amulet of guardian spirit {unknown}
 s - an uncursed amulet of rage {unknown}
Scrolls
 j - a scroll of recharging {unknown}
 l - 4 scrolls of fog {unknown}
 m - a scroll of teleportation {unknown}
 n - a scroll of noise {unknown}
 p - a scroll of immolation {unknown}
 q - a scroll of magic mapping {unknown}
 r - a scroll of amnesia {unknown}
 t - 4 scrolls of identify {unknown}
Potions
 g - 12 potions of blood


   Skills:
 + Level 1.8 Fighting
 + Level 2.1 Short Blades
 - Level 1.5 Throwing
 + Level 1.1 Dodging
 * Level 7.3 Stealth


You had one spell level left.
You didn't know any spells.

Dungeon Overview and Level Annotations

Branches:
Dungeon (2/15)

Altars:


Innate Abilities, Weirdness & Mutations

You have razor-sharp teeth.
You have supernaturally acute eyesight.
You can survive without breathing.


Message History

You hit the adder.
The adder is almost dead.
The rat bites you.
* * * LOW HITPOINT WARNING * * *
The adder bites you.
* * * LOW HITPOINT WARNING * * *
You are more poisoned.
The adder poisons you! The adder closely misses you.
It was a potion of invisibility.
You fade into invisibility!
* * * LOW HITPOINT WARNING * * *
You feel sick. The rat misses you. The adder bites you.
* * * LOW HITPOINT WARNING * * *
The adder closely misses you.
You are very lightly contaminated with residual magic.
You miss the adder. Your bite misses the adder.
The adder is almost dead.
* * * LOW HITPOINT WARNING * * *
You feel sick. The rat bites you.
You die...

#.........###....... #
##.........# .......
#.#.###.........[###.......
.......>......รท....<......#
##..###.######.#####.......
.#........###......#.......
...........................
##............S....##.....#
#.)......#.#@)..### ....##
#...........##rS.#.....###
#.#.......####...)......
#.#.......# #..#.....
.........# #.......)
^..##.##### #..#.<.$. ... #.
#..#..... ...# .... ....
...#


You could see 2 adders and a rat.

Vanquished Creatures
  3 bats
  5 hobgoblins
  3 jackals (D:1)
  A ball python (D:1)
  A giant newt (D:1)
  3 goblins
  5 kobolds (D:1)
  2 rats (D:1)
23 creatures vanquished.

Vanquished Creatures (others)
  4 toadstools (D:1)
4 creatures vanquished.

Grand Total: 27 creatures vanquished

Notes
Turn   | Place    | Note
--------------------------------------------------------------
     0 | D:1      | Medved the Vampire Assassin began the quest for the Orb.
     0 | D:1      | Reached XP level 1. HP: 16/16 MP: 1/1
     9 | D:1      | Reached skill level 6 in Stealth
   201 | D:1      | Reached XP level 2. HP: 19/22 MP: 2/2
   852 | D:1      | Reached skill level 7 in Stealth
  1131 | D:2      | HP: 1/22 [poisoned by an adder]
  1131 | D:2      | Slain by a rat

Vault maps used:
D:1:      ldierk_walled_garden_2
D:2:      old_standard_altar, dk_vineyard_2, supply_closet_lemuel,
          minmay_door_square, uniq_robin

Action                   || total
-------------------------++-------
Melee: Dagger            ||    70
  Use: Potion            ||     2
 Stab: Sleeping          ||     4
